 Dungeon Crawl Stone Soup version 0.27-a0-1191-g601b473118 (webtiles) character file.

Game seed: 11143271698243364955

210 wakim the Magician (level 6, 0/45 HPs)
             Began as a Djinni Conjurer on May 23, 2021.
             Was a Follower of Dithmenos.
             Slain by Duvessa
             ... wielding a +0 rapier
              (15 damage)
             ... on level 4 of the Dungeon.
             The game lasted 00:04:47 (3250 turns).

wakim the Magician (Djinni Conjurer)                Turns: 3250, Time: 00:04:48

Health: 0/45       AC:  6    Str:  6    XL:     6   Next: 12%
Gold:   166        EV: 11    Int: 22    God:    Dithmenos [*.....] SH:  0 Dex: 17

rFire    + + .     SeeInvis .   a - +0 short sword
rCold    x . .     Faith    .   (no shield)
rNeg     . . .     Spirit   .   c - +1 leather armour
rPois    ∞         Reflect  .   (no helmet)
rElec    .         Harm     .   (no cloak)
rCorr    .         Rampage  .   g - +1 pair of gloves
Will     .....                  (boots unavailable)
Stlth    ++........             (no amulet)
HPRegen  0.15/turn              h - +6 ring of dexterity
MPRegen  0.00/turn              (no ring)

@: flying, wreathed by umbra
A: sickness immunity, fire resistance 2, cold vulnerability 1, float, innate
caster, hp casting, extra vitality 1
a: Renounce Religion


You were on level 4 of the Dungeon.
You worshipped Dithmenos.
Dithmenos was aware of your devotion.
You visited 1 branch of the dungeon, and saw 4 of its levels.

You collected 166 gold pieces.

Inventory:

Hand Weapons
 a - a +0 short sword (weapon)
Armour
 c - a +1 leather armour (worn)
 g - a +1 pair of gloves (worn)
Jewellery
 h - a +6 ring of dexterity (left hand)
Potions
 b - 2 potions of ambrosia {unknown}
 d - a potion of berserk rage {unknown}
 e - a potion of curing {unknown}
 f - a potion of lignification {unknown}


   Skills:
 + Level 2.9 Fighting
 - Level 2.1 Dodging
 - Level 1.5 Stealth
 * Level 4.8 Spellcasting


You couldn't memorise any spells.
You knew the following spells:

 Your Spells              Type           Power      Damage    Failure   Level
a - Magic Dart            Conj           100%       1d8       2%          1
b - Dazzling Flash        Conj/Hex       52%        N/A       7%          3
c - Freeze                Ice            100%       1d11      2%          1
d - Corpse Rot            Necr/Air       N/A        N/A       3%          2
s - Searing Ray           Conj           52%        3d5       3%          2
x - Iskenderun's Mystic   Conj/Tloc      26%        2d7       22%         4
z - Fulminant Prism       Conj/Hex       13%        3d9       22%         4
Your spell library was empty.

Dungeon Overview and Level Annotations

Branches:
Dungeon (4/15)
 Temple: D:4-7

Altars:
Dithmenos
Yredelemnul

Shops:
D:3 *

Annotations:
D:4 Duvessa, Grinder


Innate Abilities, Weirdness & Mutations

You are immune to sickness and miasma.
You are immune to poison.
Your flesh is very heat resistant. (rF++)
You are vulnerable to cold. (rC-)
You float through the air rather than walking.
You learn spells naturally, not from books.
Your magical power is your life essence.
You have superior vitality. (+4 HP)


Message History

Duvessa says, "Where magic fails, the sword succeeds!"
Your fulminant prism crackles loudly.
Casting: Fulminant Prism (extremely dangerous; 26% risk of failure)
Confirm with . or Enter, or press ? or * to list all spells.
Aiming: Searing Ray (safe; 4% risk of failure)
Press: ? - help, Shift-Dir - straight line, f - Duvessa
Aim: Duvessa, wielding a +0 rapier and wearing a +0 ring mail (85% to hit)
The searing ray misses Dowan.
The searing ray hits Duvessa.
Duvessa is lightly wounded. (Press . to maintain the ray.)
Your fulminant prism explodes!
The blast of energy engulfs Dowan!
Dowan is severely wounded.
The blast of energy engulfs Duvessa!
Duvessa is moderately wounded.
The blast of energy engulfs Grinder!
Grinder is moderately wounded.
You hear an angry hiss.
The searing ray hits Dowan!
You kill Dowan!
Dithmenos accepts your kill.
Duvessa screams in rage.
Duvessa goes berserk!
The searing ray hits Duvessa.
Duvessa is heavily wounded.
You have reached level 6!
Your experience leads to an increase in your attributes!
Your base attributes are Str 6, Int 21, Dex 11.
Increase (S)trength, (I)ntelligence, or (D)exterity?
You feel clever.
The searing ray hits Duvessa!
Duvessa is severely wounded.
The searing ray misses Grinder.
The searing ray hits Duvessa.
Duvessa is severely wounded.
The searing ray hits Grinder.
Grinder is moderately wounded.
You finish channeling your searing ray.
Duvessa hits you with a +0 rapier!!
* * * LOW HITPOINT WARNING * * *
Duvessa hits you with a +0 rapier!
You die...

##..........##
..#
#..........##
.# ..........##
# ........[##
#.. ..#.....###
...#
###.....##...##
##..........#
##.......#.#
##@.......#
#e.#.#.#.#
#5.......#
#..#.#.#.#
..........
...#.#.#.#
.........
.......#..


You could see Grinder and Duvessa (berserk).

Vanquished Creatures
  Dowan (D:4)
  A centaur zombie (D:3)
  7 adders
  2 worms (D:2)
  3 endoplasms
  11 goblins
  3 hobgoblins
  6 jackals
  3 quokkas
  9 ball pythons
  7 bats
  4 frilled lizards
  4 kobolds
  4 rats
65 creatures vanquished.

Vanquished Creatures (others)
  A fulminant prism (D:4)
1 creature vanquished.

Grand Total: 66 creatures vanquished

Notes
Turn   | Place    | Note
-------+----------+-------------------------------------------
     0 | D:1      | wakim the Djinni Conjurer began the quest for the Orb.
     0 | D:1      | Reached XP level 1. HP: 15/15 MP: 0/0
   109 | D:1      | Reached XP level 2. HP: 15/22 MP: 0/0
   316 | D:1      | Reached skill level 1 in Fighting
   613 | D:1      | Reached XP level 3. HP: 24/27 MP: 0/0
   613 | D:1      | Learned a level 1 spell: Freeze
  1573 | D:2      | Reached skill level 4 in Spellcasting
  1573 | D:2      | Reached XP level 4. HP: 29/33 MP: 0/0
  1604 | D:2      | Found a faded altar of an unknown god.
  1631 | D:2      | Became a worshipper of Dithmenos the Shadowed
  1631 | D:2      | Reached * piety under Dithmenos
  1882 | D:3      | Found a basalt altar of Yredelemnul.
  2096 | D:3      | Found Lohalaw's General Store.
  2291 | D:3      | Reached XP level 5. HP: 23/39 MP: 0/0
  2291 | D:3      | Learned a level 2 spell: Corpse Rot
  3242 | D:4      | Noticed Dowan
  3244 | D:4      | Noticed Duvessa
  3244 | D:4      | Noticed Grinder
  3248 | D:4      | Killed Dowan
  3249 | D:4      | Reached XP level 6. HP: 38/45 MP: 0/0
  3250 | D:4      | Slain by Duvessa

Illustrated notes

Levels and vault maps discovered:
D:1:      beargit_arrival_greenhouse, layout_basic, minmay_tetromino_l2
D:2:      layout_rooms, chequers_ecumenical_altar_island
D:3:      minmay_spotlight, layout_loops_corners, overflow_temple_1_default,
          serial_shops, shop
D:4:      layout_layer_cave, kennysheep_little_box, lightli_sewer_entry_pipes,
          serial_glass, glass_columns_b, glass_columns_b, feat_on_display,
          due_unseen_surprise, item_on_display_b, minmay_strange_pillars,
          kennysheep_donut, uniq_crazy_yiuf_cottage, uniq_duvessa, uniq_grinder

Skill      XL: |  1  2  3  4 |
---------------+-------------+-----
Fighting       | 1 2 |  2.9
Spellcasting   | 4 |  4.8
Dodging        | |  2.1
Stealth        | |  1.5

Action                   |  1- 3 |  4- 6 || total
-------------------------+-------+-------++-------
Melee: Unarmed           |     1 |       ||     1
       Short sword       |       |     1 ||     1
 Cast: Magic Dart        |    59 |    42 ||   101
       Searing Ray       |     4 |     9 ||    13
       Fulminant Prism   |       |     1 ||     1
  Use: Scroll            |     1 |     3 ||     4
Armor: Leather armour    |     2 |     2 ||     4
Dodge: Dodged            |    10 |     4 ||    14

Table legend: (Time is in decaauts)
 A = Elapsed time spent in this place.
 B = Non-inter-level travel time spent in this place.
 C = Inter-level travel time spent in this place.
 D = Time resting spent in this place.
 E = Time spent auto-exploring this place.
 F = Levels seen in this place.
 G = Mean time per level.
                   A        B        C        D        E       F      G
               +--------+--------+--------+--------+--------+-----+--------+
         Total |   3248 |   3188 |     60 |      0 |   2888 |   4 |  812.0 |
       Dungeon |   3248 |   3188 |     60 |      0 |   2888 |   4 |  812.0 |
               +--------+--------+--------+--------+--------+-----+--------+

Top non-repeatable levels by time:
     D:3: 1319 daAuts
     D:1: 1116 daAuts
     D:2: 764 daAuts
     D:4: 47 daAuts
